PCL
REDWOOD CITY REDWOODS @ SAN JOSE MISSIONS
05/27/2024
 
TOP OF THE 1ST
Redwood City Redwoods batting - Pitching for San Jose Missions : LHP Octávio Pérez
Pitching: LHP Octávio Pérez
Batting: LHB Héctor Flores 0-0: Fly out, F8 (Flyball, 8RS)
Batting: LHB Patrick Bright 0-0: Ball
1-0: Ball
2-0: Foul Ball, location: 2F
2-1: Ball
3-1: Base on Balls
Batting: RHB Edgardo Gonzáles 0-0: Ball
1-0: Ball
2-0: Called Strike
2-1: Ball
3-1: SINGLE (Line Drive, 78S)
Patrick Bright to second
Batting: LHB Vincente Sáenz 0-0: Ball
1-0: Ball
2-0: Foul Ball, location: 2F
2-1: 3-RUN HOME RUN (Flyball, 9D), Distance : 398 ft
Batting: RHB Anastasio García 0-0: Ball
1-0: Fly out, F8 (Flyball, 8RD)
Batting: RHB Fu Tse 0-0: Ball
1-0: Ball
2-0: Ball
3-0: Called Strike
3-1: Ground out 1-3 (Groundball, 15S)
Top of the 1st over - 3 run(s), 2 hit(s), 0 error(s), 0 left on base; Redwood City 3 - San Jose 0
BOTTOM OF THE 1ST
San Jose Missions batting - Pitching for Redwood City Redwoods : RHP Manuel Mora
Pitching: RHP Manuel Mora
Batting: RHB Luis Antonio Rosas 0-0: Ball
1-0: Called Strike
1-1: Swinging Strike
1-2: Foul Ball, location: 2F
1-2: Strikes out swinging
Batting: RHB Madidou El Sayed 0-0: Swinging Strike
0-1: Ball
1-1: Fly out, F9 (Flyball, 9D)
Batting: LHB Miguel Montés 0-0: Swinging Strike
0-1: Hit by Pitch
Batting: RHB Armando López 0-0: Called Strike
0-1: Foul Ball, location: 2F
0-2: Ball
1-2: Ball
2-2: Foul Ball, location: 2F
2-2: Ground out 6-3 (Groundball, 6)
Bottom of the 1st over - 0 run(s), 0 hit(s), 0 error(s), 1 left on base; Redwood City 3 - San Jose 0
TOP OF THE 2ND
Redwood City Redwoods batting - Pitching for San Jose Missions : LHP Octávio Pérez
Batting: RHB William Parker 0-0: Called Strike
0-1: SINGLE (Groundball, 4MD)
Batting: RHB Dan Martin 0-0: Ground out 5-3 (Groundball, 56S)
William Parker to second
Batting: RHB Bobby McIntosh 0-0: Called Strike
0-1: Fly out, F8 (Flyball, 8LM)
Batting: LHB Héctor Flores 0-0: Foul Ball, location: 2F
0-1: Fly out, F2 (Popup, 2RF)
Top of the 2nd over - 0 run(s), 1 hit(s), 0 error(s), 1 left on base; Redwood City 3 - San Jose 0
BOTTOM OF THE 2ND
San Jose Missions batting - Pitching for Redwood City Redwoods : RHP Manuel Mora
Batting: LHB John Foster 0-0: Swinging Strike
0-1: Called Strike
0-2: Foul Ball, location: 2F
0-2: Ball
1-2: Foul Ball, location: 2F
1-2: Ball
2-2: Foul Ball, location: 2F
2-2: Strikes out swinging
Batting: RHB Javier Ramírez 0-0: Fly out, F4 (Popup, 4D)
Batting: RHB Artie Green 0-0: Called Strike
0-1: Ball
1-1: SINGLE (Line Drive, 8LS)
Batting: RHB Bobby Brewster 0-0: Ball
1-0: Called Strike
1-1: DOUBLE (Flyball, 89M)
Artie Green to third
Runner from 3rd tries for Home, SAFE, no throw or cutoff
Batting: RHB Elliott Rucker 0-0: Reached on error, E4 (Groundball, 4)
Bobby Brewster scores
Batting: RHB Luis Antonio Rosas 0-0: Ball
1-0: Called Strike
1-1: Foul Ball, location: 2F
1-2: Ball
2-2: Foul Ball, location: 2F
2-2: Strikes out swinging
Bottom of the 2nd over - 2 run(s), 2 hit(s), 1 error(s), 1 left on base; Redwood City 3 - San Jose 2
TOP OF THE 3RD
Redwood City Redwoods batting - Pitching for San Jose Missions : LHP Octávio Pérez
Batting: LHB Patrick Bright 0-0: Ball
1-0: Ball
2-0: Called Strike
2-1: Bunt for hit - play at first, batter safe!
Batting: RHB Edgardo Gonzáles 0-0: Fly out, F4 (Popup, 4MD)
Batting: LHB Vincente Sáenz 0-0: Foul Ball, location: 2F
0-1: Ball
1-1: Fly out, F9 (Flyball, 89M)
Batting: RHB Anastasio García 0-0: Ball
1-0: Called Strike
1-1: SINGLE (Line Drive, 78S)
Patrick Bright to second
Batting: RHB Fu Tse 0-0: Called Strike
0-1: Ball
1-1: Called Strike
1-2: Ball
2-2: Strikes out looking
Top of the 3rd over - 0 run(s), 2 hit(s), 0 error(s), 2 left on base; Redwood City 3 - San Jose 2
BOTTOM OF THE 3RD
San Jose Missions batting - Pitching for Redwood City Redwoods : RHP Manuel Mora
Batting: RHB Madidou El Sayed 0-0: Called Strike
0-1: SINGLE (Groundball, 4MD)
Batting: LHB Miguel Montés 0-0: Fly out, F5 (Line Drive, 56)
Batting: RHB Armando López 0-0: Ball
1-0: Grounds into double play, 5-4-3 (Groundball, 5)
Bottom of the 3rd over - 0 run(s), 1 hit(s), 0 error(s), 0 left on base; Redwood City 3 - San Jose 2
TOP OF THE 4TH
Redwood City Redwoods batting - Pitching for San Jose Missions : LHP Octávio Pérez
Batting: RHB William Parker 0-0: Ball
1-0: Ball
2-0: Fly out, F4 (Popup, 4MD)
Batting: RHB Dan Martin 0-0: Foul Ball, location: 2F
0-1: Ground out 3-1 (Groundball, 34)
Batting: RHB Bobby McIntosh 0-0: Ball
1-0: Swinging Strike
1-1: Ground out 6-3 (Groundball, 6M)
Top of the 4th over - 0 run(s), 0 hit(s), 0 error(s), 0 left on base; Redwood City 3 - San Jose 2
BOTTOM OF THE 4TH
San Jose Missions batting - Pitching for Redwood City Redwoods : RHP Manuel Mora
Batting: LHB John Foster 0-0: Ball
1-0: Ball
2-0: Called Strike
2-1: Called Strike
2-2: Strikes out swinging
Batting: RHB Javier Ramírez 0-0: Ball
1-0: Ball
2-0: Foul Ball, location: 2F
2-1: Ball
3-1: Base on Balls
Batting: RHB Artie Green 0-0: Ball
1-0: Foul Ball, location: 2F
1-1: Fly out, F8 (Flyball, 78XD)
Batting: RHB Bobby Brewster 0-0: DOUBLE (Flyball, 7LM)
Javier Ramírez to third
Runner from 3rd tries for Home, SAFE, no throw or cutoff
Batting: RHB Elliott Rucker 0-0: Foul Ball, location: 2F
0-1: Called Strike
0-2: SINGLE (Groundball, 34)
Bobby Brewster to third
Runner from 3rd tries for Home, SAFE, no throw or cutoff
Batting: RHB Luis Antonio Rosas 0-0: Fly out, F8 (Flyball, 8LM)
Bottom of the 4th over - 2 run(s), 2 hit(s), 0 error(s), 1 left on base; Redwood City 3 - San Jose 4
TOP OF THE 5TH
Redwood City Redwoods batting - Pitching for San Jose Missions : LHP Octávio Pérez
Batting: LHB Héctor Flores 0-0: Called Strike
0-1: Ball
1-1: Ball
2-1: Foul Ball, location: 2F
2-2: Strikes out looking
Batting: LHB Patrick Bright 0-0: Ball
1-0: Ball
2-0: Swinging Strike
2-1: SINGLE (Groundball, 5D)
Batting: RHB Edgardo Gonzáles 0-0: Ball
1-0: Foul Ball, location: 2F
1-1: Swinging Strike
1-2: Reached on Error, E8 (Flyball, 8LM)
Patrick Bright to second
Batting: LHB Vincente Sáenz 0-0: 3-RUN HOME RUN (Flyball, 9D), Distance : 399 ft
Batting: RHB Anastasio García 0-0: Ball
1-0: Called Strike
1-1: Ball
2-1: Ball
3-1: Foul Ball, location: 2F
3-2: Base on Balls
Batting: RHB Fu Tse 0-0: Grounds into double play, U6-3 (Groundball, 6M)
Top of the 5th over - 3 run(s), 2 hit(s), 1 error(s), 0 left on base; Redwood City 6 - San Jose 4
BOTTOM OF THE 5TH
San Jose Missions batting - Pitching for Redwood City Redwoods : RHP Manuel Mora
Batting: RHB Madidou El Sayed 0-0: Ball
1-0: Called Strike
1-1: DOUBLE (Groundball, 5L)
Batting: LHB Miguel Montés 0-0: Foul Ball, location: 2F
0-1: Ball
1-1: Foul Ball, location: 2F
1-2: Foul Ball, location: 2F
1-2: SINGLE (Groundball, 34S)
Madidou El Sayed to third
Runner from 3rd tries for Home, SAFE, throw made home
Miguel Montés to second
Batting: RHB Armando López 0-0: SINGLE (Groundball, 4MD)
Miguel Montés to third
Batting: LHB John Foster 0-0: Ball
1-0: Ball
2-0: Ball
3-0: Called Strike
3-1: SINGLE (Line Drive, 9S)
Miguel Montés scores
Armando López to second
Batting: RHB Javier Ramírez 0-0: Fielders Choice at 2nd, 6-4 (Groundball, 6M)
Armando López to third
Batting: RHB Artie Green 0-0: Called Strike
0-1: Called Strike
0-2: Foul Ball, location: 2F
0-2: Ball
1-2: Foul Ball, location: 2F
1-2: Strikes out looking
Batting: RHB Bobby Brewster 0-0: Swinging Strike
0-1: Fielders Choice at 2nd, U6 (Groundball, 6M)
Bottom of the 5th over - 2 run(s), 4 hit(s), 0 error(s), 2 left on base; Redwood City 6 - San Jose 6
TOP OF THE 6TH
Redwood City Redwoods batting - Pitching for San Jose Missions : LHP Octávio Pérez
Batting: RHB William Parker 0-0: Called Strike
0-1: Ball
1-1: Ball
2-1: Called Strike
2-2: Strikes out swinging
Batting: RHB Dan Martin 0-0: Called Strike
0-1: Ball
1-1: Ball
2-1: Foul Ball, location: 2F
2-2: Foul Ball, location: 2F
2-2: Ball
3-2: Base on Balls
Batting: RHB Bobby McIntosh 0-0: Ball
1-0: SINGLE (Flyball, 4D)
Dan Martin to second
Runner from 2nd tries for 3rd, SAFE, throw made to third
Batting: LHB Héctor Flores 0-0: Ball
1-0: Called Strike
1-1: Ball
2-1: Ball
3-1: Base on Balls
Bobby McIntosh to second
Batting: LHB Patrick Bright 0-0: Called Strike
0-1: Ground out 3-1 (Groundball, 34)
Dan Martin scores
Bobby McIntosh to third
Héctor Flores to second
Pitching: RHP Danny Wheeler
Batting: RHB Edgardo Gonzáles 0-0: Foul Ball, location: 2F
0-1: DOUBLE (Line Drive, 89D)
Bobby McIntosh scores
Héctor Flores scores
Batting: LHB Vincente Sáenz 0-0: Ball
1-0: Ball
2-0: Ball
3-0: Called Strike
3-1: Base on Balls
Batting: RHB Anastasio García 0-0: Ball
1-0: Foul Ball, location: 2F
1-1: Ball
2-1: Foul Ball, location: 2F
2-2: Foul Ball, location: 2F
2-2: Strikes out swinging
Top of the 6th over - 3 run(s), 2 hit(s), 0 error(s), 2 left on base; Redwood City 9 - San Jose 6
BOTTOM OF THE 6TH
San Jose Missions batting - Pitching for Redwood City Redwoods : RHP Manuel Mora
Batting: RHB Elliott Rucker 0-0: Ball
1-0: Ball
2-0: Foul Ball, location: 2F
2-1: Foul Ball, location: 2F
2-2: SOLO HOME RUN (Flyball, 9D), Distance : 398 ft
Batting: RHB Luis Antonio Rosas 0-0: Ball
1-0: Foul Ball, location: 2F
1-1: Foul Ball, location: 2F
1-2: Ball
2-2: Strikes out swinging, 2-3 out at first.
Batting: RHB Madidou El Sayed 0-0: Foul Ball, location: 2F
0-1: Ball
1-1: Foul Ball, location: 2F
1-2: Ball
2-2: Ground out 4-3 (Groundball, 4)
Batting: LHB Miguel Montés 0-0: Foul Ball, location: 2F
0-1: Ball
1-1: Called Strike
1-2: Ground out 4-3 (Groundball, 4)
Bottom of the 6th over - 1 run(s), 1 hit(s), 0 error(s), 0 left on base; Redwood City 9 - San Jose 7
TOP OF THE 7TH
Redwood City Redwoods batting - Pitching for San Jose Missions : RHP Danny Wheeler
Batting: RHB Fu Tse 0-0: Ball
1-0: Ball
2-0: Ball
3-0: Base on Balls
Batting: RHB William Parker 0-0: Ball
1-0: Ball
2-0: Called Strike
2-1: SINGLE (Line Drive, 4M)
Fu Tse to second
Pinch Hitting: LHB Tony Warrilow 0-0: Ball
1-0: Bunt missed!
1-1: Bunted foul
1-2: Ball
2-2: Ball
3-2: Base on Balls
Fu Tse to third
William Parker to second
Pinch Hitting: RHB Robinson Martínez 0-0: Foul Ball, location: 2F
0-1: Ball
1-1: Ball
2-1: Ball
3-1: Base on Balls
Fu Tse scores
William Parker to third
Tony Warrilow to second
Batting: LHB Héctor Flores 0-0: Ball
1-0: Called Strike
1-1: SINGLE (Groundball, 4)
William Parker scores
Tony Warrilow to third
Robinson Martínez to second
Batting: LHB Patrick Bright 0-0: Swinging Strike
0-1: Foul Ball, location: 2F
0-2: Foul Ball, location: 2F
0-2: Ball
1-2: Strikes out swinging
Batting: RHB Edgardo Gonzáles 0-0: Ball
1-0: Foul Ball, location: 2F
1-1: Swinging Strike
1-2: Strikes out swinging
Batting: LHB Vincente Sáenz 0-0: Ball
1-0: Ball
2-0: Ball
3-0: Base on Balls
Tony Warrilow scores
Robinson Martínez to third
Héctor Flores to second
Pitching: RHP Raúl Hernández
Batting: RHB Anastasio García 0-0: Called Strike
0-1: Fly out, F9 (Popup, 9S)
Top of the 7th over - 3 run(s), 2 hit(s), 0 error(s), 3 left on base; Redwood City 12 - San Jose 7
BOTTOM OF THE 7TH
San Jose Missions batting - Pitching for Redwood City Redwoods : RHP Manuel Mora
Pitching: RHP Carl Murgatroyd
Now at 2B: Yataro Abe
Now at 3B: Robinson Martínez
Batting: RHB Armando López 0-0: Called Strike
0-1: Ball
1-1: Ground out 6-3 (Groundball, 6)
Batting: LHB John Foster 0-0: Swinging Strike
0-1: Ball
1-1: Swinging Strike
1-2: SINGLE (Groundball, 34D)
Batting: RHB Javier Ramírez 0-0: Called Strike
0-1: SINGLE (Line Drive, 4MD)
John Foster to second
Batting: RHB Artie Green 0-0: Called Strike
0-1: Foul Ball, location: 2F
0-2: Foul Ball, location: 2F
0-2: SINGLE (Groundball, 4MD)
John Foster to third
Javier Ramírez to second
Runner from 3rd tries for Home, SAFE, throw made home
Javier Ramírez to third
Artie Green to second
Batting: RHB Bobby Brewster 0-0: Ball
1-0: Ball
2-0: Called Strike
2-1: Foul Ball, location: 2F
2-2: Ball
3-2: Strikes out swinging
Batting: RHB Elliott Rucker 0-0: Ball
1-0: Swinging Strike
1-1: SINGLE (Groundball, 56)
Javier Ramírez scores
Artie Green to third
Runner from 3rd tries for Home, SAFE, no throw or cutoff
Pitching: RHP Jim Williams
Batting: RHB Luis Antonio Rosas 0-0: Ball
1-0: Ground out 6-3 (Groundball, 6S)
Bottom of the 7th over - 3 run(s), 4 hit(s), 0 error(s), 1 left on base; Redwood City 12 - San Jose 10
TOP OF THE 8TH
Redwood City Redwoods batting - Pitching for San Jose Missions : RHP Raúl Hernández
Batting: RHB Fu Tse 0-0: Called Strike
0-1: Ball
1-1: Foul Ball, location: 2F
1-2: Strikes out swinging
Batting: RHB William Parker 0-0: Called Strike
0-1: Ball
1-1: Foul Ball, location: 2F
1-2: Ball
2-2: Strikes out swinging
Batting: RHB Yataro Abe 0-0: Ball
1-0: Ball
2-0: Fly out, F9 (Flyball, 89M)
Top of the 8th over - 0 run(s), 0 hit(s), 0 error(s), 0 left on base; Redwood City 12 - San Jose 10
BOTTOM OF THE 8TH
San Jose Missions batting - Pitching for Redwood City Redwoods : RHP Jim Williams
Now at C: Orlando Santos
Batting: RHB Madidou El Sayed 0-0: Ground out 6-3 (Groundball, 6)
Batting: LHB Miguel Montés 0-0: Called Strike
0-1: SOLO HOME RUN (Flyball, 9D), Distance : 388 ft
Batting: RHB Armando López 0-0: Called Strike
0-1: Ball
1-1: Ground out 3-1 (Groundball, 34S)
Pitching: LHP Haywood Brown
Batting: LHB John Foster 0-0: Ball
1-0: Ground out 4-3 (Groundball, 4)
Bottom of the 8th over - 1 run(s), 1 hit(s), 0 error(s), 0 left on base; Redwood City 12 - San Jose 11
TOP OF THE 9TH
Redwood City Redwoods batting - Pitching for San Jose Missions : RHP Raúl Hernández
Batting: RHB Robinson Martínez 0-0: Ball
1-0: Swinging Strike
1-1: Called Strike
1-2: Ball
2-2: Foul Ball, location: 2F
2-2: Strikes out looking
Batting: LHB Héctor Flores 0-0: Called Strike
0-1: Swinging Strike
0-2: Ball
1-2: Strikes out swinging
Batting: LHB Patrick Bright 0-0: Foul Ball, location: 2F
0-1: Swinging Strike
0-2: Strikes out swinging
Top of the 9th over - 0 run(s), 0 hit(s), 0 error(s), 0 left on base; Redwood City 12 - San Jose 11
BOTTOM OF THE 9TH
San Jose Missions batting - Pitching for Redwood City Redwoods : LHP Haywood Brown
Pitching: LHP George Owens
Batting: RHB Javier Ramírez 0-0: Called Strike
0-1: Ball
1-1: Swinging Strike
1-2: Ball
2-2: Foul Ball, location: 2F
2-2: Foul Ball, location: 2F
2-2: SOLO HOME RUN (Flyball, 8RXD), Distance : 438 ft
Batting: RHB Artie Green 0-0: Called Strike
0-1: Ground out 4-3 (Groundball, 4)
Pinch Hitting: RHB Jim Brown 0-0: Fly out, F9 (Line Drive, 9D)
Pinch Hitting: RHB José Martínez 0-0: Ball
1-0: Ball
2-0: Ball
3-0: Base on Balls
Batting: RHB Luis Antonio Rosas 0-0: Called Strike
0-1: Called Strike
0-2: Ball
1-2: Ball
2-2: Ball
3-2: Base on Balls
José Martínez to second
Batting: RHB Madidou El Sayed 0-0: Foul Ball, location: 2F
0-1: Ball
1-1: Swinging Strike
1-2: Ball
2-2: Strikes out swinging
Bottom of the 9th over - 1 run(s), 1 hit(s), 0 error(s), 2 left on base; Redwood City 12 - San Jose 12
TOP OF THE 10TH
Redwood City Redwoods batting - Pitching for San Jose Missions : RHP Raúl Hernández
Pitching: RHP Gabriel Moore
Now at C: Wilson Vecino
Now at 3B: Jim Brown
Batting: RHB Edgardo Gonzáles 0-0: Ball
1-0: Ball
2-0: Swinging Strike
2-1: Ball
3-1: Ground out 6-3 (Groundball, 6)
Batting: LHB Vincente Sáenz 0-0: Called Strike
0-1: Ball
1-1: Ball
2-1: Called Strike
2-2: Ball
3-2: SINGLE (Line Drive, 89S)
Batting: RHB Orlando Santos 0-0: Grounds into double play, 6-4-3 (Groundball, 6M)
Top of the 10th over - 0 run(s), 1 hit(s), 0 error(s), 0 left on base; Redwood City 12 - San Jose 12
BOTTOM OF THE 10TH
San Jose Missions batting - Pitching for Redwood City Redwoods : LHP George Owens
Pinch Hitting: RHB Joe Broadhead 0-0: Ground out 1-3 (Groundball, 13S)
Batting: RHB Armando López 0-0: Ball
1-0: Foul Ball, location: 2F
1-1: Ball
2-1: Ground out 5-3 (Groundball, 56)
Pinch Hitting: RHB Chase Mueller 0-0: Called Strike
0-1: Foul Ball, location: 2F
0-2: SINGLE (Groundball, 4MD) (infield hit)
Batting: RHB Javier Ramírez 0-0: Ball
1-0: Foul Ball, location: 2F
1-1: Ball
2-1: Ball
3-1: Swinging Strike
3-2: SINGLE (Groundball, 6)
Chase Mueller to second
Chase Mueller to third
Batting: RHB Artie Green 0-0: Foul Ball, location: 2F
0-1: Called Strike
0-2: Strikes out swinging
Bottom of the 10th over - 0 run(s), 2 hit(s), 0 error(s), 2 left on base; Redwood City 12 - San Jose 12
TOP OF THE 11TH
Redwood City Redwoods batting - Pitching for San Jose Missions : RHP Gabriel Moore
Now in LF: Keith Hinkle
Now in CF: Iván Jackson
Batting: RHB Fu Tse 0-0: Foul Ball, location: 2F
0-1: Ball
1-1: Ball
2-1: Ball
3-1: Base on Balls
Batting: RHB William Parker 0-0: Foul Ball, location: 2F
0-1: Called Strike
0-2: SINGLE (Line Drive, 7S)
Fu Tse to second
Batting: RHB Yataro Abe 0-0: Bunted foul
0-1: Bunted foul
0-2: Ball
1-2: Ball
2-2: Foul Ball, location: 2F
2-2: Strikes out swinging
Batting: RHB Robinson Martínez 0-0: Called Strike
0-1: Ball
1-1: Ground out 5-3 (Groundball, 56)
Fu Tse to third
William Parker to second
Batting: LHB Héctor Flores 0-0: Ball
1-0: Ball
2-0: Ground out 5-3 (Groundball, 56)
Top of the 11th over - 0 run(s), 1 hit(s), 0 error(s), 2 left on base; Redwood City 12 - San Jose 12
BOTTOM OF THE 11TH
San Jose Missions batting - Pitching for Redwood City Redwoods : LHP George Owens
Pitching: RHP Júlio Juárez
Batting: RHB Jim Brown 0-0: Ball
1-0: Ball
2-0: Ball
3-0: Base on Balls
Batting: LHB Wilson Vecino 0-0: Ball
1-0: Swinging Strike
1-1: Foul Ball, location: 2F
1-2: Strikes out looking
Batting: RHB Luis Antonio Rosas 0-0: Ball
1-0: Called Strike
1-1: Foul Ball, location: 2F
1-2: Strikes out swinging
Batting: RHB Madidou El Sayed 0-0: Called Strike
0-1: Ball
1-1: Swinging Strike
1-2: Foul Ball, location: 2F
1-2: Ball
2-2: Strikes out swinging
Bottom of the 11th over - 0 run(s), 0 hit(s), 0 error(s), 1 left on base; Redwood City 12 - San Jose 12
TOP OF THE 12TH
Redwood City Redwoods batting - Pitching for San Jose Missions : RHP Gabriel Moore
Pitching: RHP Jeff Campbell
Batting: LHB Patrick Bright 0-0: Ball
1-0: Called Strike
1-1: Fly out, F7 (Flyball, 7S)
Batting: RHB Edgardo Gonzáles 0-0: Called Strike
0-1: Ball
1-1: Ball
2-1: Ball
3-1: Base on Balls
Batting: LHB Vincente Sáenz 0-0: Ball
1-0: Foul Ball, location: 2F
1-1: Ball
2-1: Ball
3-1: Base on Balls
Edgardo Gonzáles to second
Batting: RHB Orlando Santos 0-0: Called Strike
Edgardo Gonzáles steals 3rd base
Vincente Sáenz to second
0-1: Foul Ball, location: 2F
0-2: Foul Ball, location: 2F
0-2: Ball
1-2: Ball
2-2: Ball
3-2: SINGLE (Groundball, 4M)
Edgardo Gonzáles scores
Vincente Sáenz to third
Runner from 3rd tries for Home, SAFE, throw made home
Batting: RHB Fu Tse 0-0: DOUBLE (Line Drive, 7LD)
Orlando Santos to third
Pinch Runner at 2nd Jon Graves:
Batting: RHB William Parker 0-0: Intentional Walk
Batting: RHB Yataro Abe 0-0: Called Strike
0-1: Ball
1-1: Called Strike
1-2: Strikes out swinging
Batting: RHB Robinson Martínez 0-0: Called Strike
0-1: Ball
1-1: Swinging Strike
1-2: Ball
2-2: Ball
3-2: Strikes out swinging
Top of the 12th over - 2 run(s), 2 hit(s), 0 error(s), 3 left on base; Redwood City 14 - San Jose 12
BOTTOM OF THE 12TH
San Jose Missions batting - Pitching for Redwood City Redwoods : RHP Júlio Juárez
Now at 1B: Jon Graves
Batting: LHB Keith Hinkle 0-0: SOLO HOME RUN (Flyball, 9D), Distance : 391 ft
Batting: RHB Armando López 0-0: Ball
1-0: Called Strike
1-1: Ball
2-1: Fly out, F8 (Flyball, 8RXD)
Pinch Hitting: LHB Dave Marshall 0-0: Called Strike
0-1: Foul Ball, location: 2F
0-2: SINGLE (Flyball, 9LS)
Batting: RHB Javier Ramírez 0-0: Ball
1-0: Swinging Strike
1-1: Ball
2-1: Swinging Strike
2-2: Strikes out swinging
Batting: RHB Artie Green 0-0: Ball
1-0: Reached on Error, E6 (Popup, 6M)
Dave Marshall to second
Batting: RHB Jim Brown 0-0: Swinging Strike
0-1: SINGLE (Groundball, 34D)
Dave Marshall to third
Artie Green to second
Batting: LHB Wilson Vecino 0-0: Called Strike
0-1: Called Strike
0-2: Foul Ball, location: 2F
0-2: Strikes out swinging
Bottom of the 12th over - 1 run(s), 3 hit(s), 1 error(s), 3 left on base; Redwood City 14 - San Jose 13
This league is powered by Out of the Park Baseball, the baseball management simulation game for PC, Mac and Linux
Saturday, April 9th, 2016 - OOTP Baseball 16.8 Build 38